 Dungeon Crawl Stone Soup version 0.14-a0-2443-g5aee772 (webtiles) character file.

95890 Bloax the Black Belt (level 16, -5/76 HPs)
             Began as a Vine Stalker Monk on Jan 28, 2014.
             Was the Champion of Cheibriados.
             Slain by Snorg (10 damage)
             ... on Level 1 of the Swamp on Feb 6, 2014.
             The game lasted 01:46:00 (13716 turns).

Bloax the Black Belt (Vine Stalker Monk)           Turns: 13716, Time: 01:46:00

HP  -5/76        AC 14     Str 33      XL: 16   Next: 13%
MP   0/29        EV 30     Int 25      God: Cheibriados [******]
Gold 589         SH 28     Dex 38      Spells:  9 memorised,  2 levels left

rFire  + . .     SeeInvis .       - Unarmed
rCold  . . .     Clarity  .     n - +2 mottled dragon armour
rNeg   . . .     Conserve .     T - +0 shield {rPois}
rPois  +         rCorr    .     (no helmet)
rElec  .         rRot     +     h - +2 cloak
SustAb . .       Spirit   +     U - +0 pair of gloves {Str+3}
rMut   .         Warding  .     (no boots)
Saprov . . .     Stasis   .     (no amulet)
MR     ++...                    t - ring of protection from fire
                                x - +4 ring of evasion

@: studying Unarmed Combat, very slightly contaminated, drained, very slow, very
resistant to hostile enchantments, quite stealthy
A: fangs 3, regeneration 3, magic shield, antimagic bite, no device heal
a: Bend Time, Temporal Distortion, Slouch, Step From Time, Renounce Religion


You were on level 1 of the Swamp.
You worshipped Cheibriados.
Cheibriados was exalted by your worship.
You were very full.

You visited 6 branches of the dungeon, and saw 32 of its levels.
You visited 1 bazaar.
You also visited: Bailey and Volcano.

You collected 2645 gold pieces.
You spent 2056 gold pieces at shops.


Innate Abilities, Weirdness & Mutations

You have razor-sharp teeth.
You regenerate.
When hurt, damage is shared between your health and your magic reserves.
Your bite disrupts and absorbs the magic of your enemies.
Potions and wands cannot restore your HP.


   Skills:
 - Level 5.2(4.9) Fighting
 - Level 7.6(7.3) Armour
 + Level 12.2(11.9) Dodging
 - Level 2.4(2.1) Stealth
 - Level 4.6(4.3) Shields
 + Level 17.6(17.2) Unarmed Combat
 - Level 5.3(5.0) Spellcasting
 - Level 4.5(4.2) Charms
 - Level 4.2(3.9) Necromancy
 + Level 4.5(4.2) Transmutations
 + Level 6.4(6.1) Earth Magic
 - Level 8.0(7.7) Invocations
 - Level 4.7(4.4) Evocations


You had 2 spell levels left.
You knew the following spells:

 Your Spells              Type           Power        Failure   Level  Hunger
a - Control Teleport      Chrm/Tloc      ###.......   97%         4    ####...
b - Phase Shift           Tloc           #.........   100%        5    #####..
c - Repel Missiles        Chrm/Air       ###.......   21%         2    None
d - Flight                Chrm/Air       ###.......   43%         3    ##.....
e - Regeneration          Chrm/Necr      ####......   21%         3    ##.....
f - Stoneskin             Trmt/Erth      ####......   6%          2    None
g - Blink                 Tloc           N/A          52%         2    None
h - Apportation           Tloc           #.........   34%         1    None
i - Summon Butterflies    Summ           #.......     34%         1    None


Dungeon Overview and Level Annotations

Branches:
Dungeon (16/16)            Temple (1/1) D:7             Orc (4/4) D:11
    Elf (0/3) Orc:4          Lair (8/8) D:10          Swamp (1/5) Lair:5
  Slime (0/6) Lair:6       Vaults (0/5) D:14         Depths (2/6) D:16
 Shoals: Lair:3-6     Snake: Lair:3-6    Spider: Lair:3-6

Altars:
Ashenzari
Cheibriados
Elyvilon
Fedhas
Kikubaaqudgha
Makhleb
Nemelex Xobeh
Okawaru
Trog
Xom
Yredelemnul
Zin
The Shining One
Beogh
Lugonu

Shops:
Orc:2 :   Orc:4 /=(::

Annotations:
D:5 Dowan
D:16 exclusion: Roxanne, Roxanne
Swamp:1 Snorg

Inventory:

Hand weapons
 S - a +5 blowgun
   (You found it on level 5 of the Lair of Beasts)
Missiles
 j - 2 curare-tipped needles
 k - 9 javelins (quivered)
 m - a throwing net
Armour
 h - a +2 cloak (worn)
   (You found it on level 2 of the Dungeon)
 n - a +2 mottled dragon armour (worn)
   (You found it on level 16 of the Dungeon)
 u - the -3 chain mail of Trog's Approval {rElec rN+ Stlth}
   (You found it on level 6 of the Dungeon)

   It insulates you from electricity.
   It protects you from negative energy.
   It makes you more stealthy.
 I - a +1 dwarven cloak
   (You found it on level 13 of the Dungeon)
 J - a +1 plate armour of cold resistance
   (You found it on level 14 of the Dungeon)
 T - a +0 shield of poison resistance (worn)
   (You took it off a tengu warrior on level 1 of the Depths)
 U - a +0 pair of gloves of strength (worn)
   (You acquired it on level 7 of the Lair of Beasts)
 Y - a +0 buckler
   (You found it on level 3 of the Orcish Mines)
Magical devices
 g - a wand of teleportation (7)
   (You found it on level 9 of the Dungeon)
 i - a wand of disintegration (3) {disint}
   (You took it off Maurice on level 9 of the Dungeon)
 z - a wand of digging (5)
   (You found it on level 9 of the Dungeon)
 D - a wand of cold (0)
   (You took it off an orc warrior on level 16 of the Dungeon)
Comestibles
 a - 12 meat rations
 b - 12 bread rations
 p - a honeycomb
Scrolls
 q - 7 scrolls of magic mapping
 s - 2 scrolls of fog
 w - a scroll of vulnerability
 A - 3 scrolls of remove curse
 E - 4 scrolls of fear
 F - 2 scrolls of immolation {!r}
 N - 2 scrolls of noise {!r}
Jewellery
 c - an uncursed ring of teleport control {unknown}
   (You found it on level 2 of the Depths)
 d - an uncursed ring of invisibility
   (You found it on level 4 of the Dungeon)
 t - a ring of protection from fire (right hand)
   (You found it on level 6 of the Dungeon)
 v - an uncursed ring of positive energy
   (You found it on level 10 of the Dungeon)
 x - a +4 ring of evasion (left hand)
   (You found it on level 4 of the Lair of Beasts)
 y - an uncursed ring of teleportation
   (You found it on level 12 of the Dungeon)
 H - an uncursed ring of wizardry
   (You found it on level 12 of the Dungeon)
 M - an uncursed ring of sustain abilities {unknown}
   (You found it on level 14 of the Dungeon)
Potions
 e - 3 potions of invisibility
 f - 12 potions of curing
 l - a potion of brilliance
 o - a potion of cure mutation {unknown}
 r - 2 potions of flight
 B - a potion of resistance
 C - 2 potions of might
 G - a potion of lignification {unknown}
 V - 2 potions of restore abilities {unknown}
 Z - a potion of berserk rage {unknown}
Books
 K - a book of the Warp
   (You found it on level 11 of the Dungeon)

   Spells                             Type                      Level
   Recall                             Summoning/Translocation      3
   *Control Teleport                  Charms/Translocation         4
   *Phase Shift                       Translocation                5
   Warp Weapon                        Charms/Translocation         5
   Dispersal                          Translocation                6
   Controlled Blink                   Translocation                7
   Disjunction                        Translocation                8
 L - a book of the Earth
   (You bought it in a shop on level 4 of the Orcish Mines)

   Spells                             Type                      Level
   Dig                                Earth                        4
   Leda's Liquefaction                Hexes/Earth                  4
   Bolt of Magma                      Conjuration/Fire/Earth       5
   Statue Form                        Transmutation/Earth          6
   Iron Shot                          Conjuration/Earth            6
   Shatter                            Earth                        9
 O - a book of Geomancy
   (You bought it in a shop on level 4 of the Orcish Mines)

   Spells                             Type                      Level
   Sandblast                          Earth                        1
   *Stoneskin                         Transmutation/Earth          2
   Passwall                           Transmutation/Earth          3
   Stone Arrow                        Conjuration/Earth            3
   Petrify                            Transmutation/Earth          4
   Lee's Rapid Deconstruction         Earth                        5
 Q - a manual of Unarmed Combat {!d}
   (You found it on level 8 of the Lair of Beasts)
 R - a book of Battle
   (You bought it in a shop on level 4 of the Orcish Mines)

   Spells                             Type                      Level
   Infusion                           Charms                       1
   Shroud of Golubria                 Charms/Translocation         2
   Song of Slaying                    Charms                       2
   Spectral Weapon                    Hexes/Charms                 3
   *Regeneration                      Charms/Necromancy            3
Miscellaneous
 X - a disc of storms
   (You found it on level 7 of the Lair of Beasts)

   ~~~~7777~...~ ~ .~~.777~~~.~ .
   ....7~...~~77 .
   777

.~~~..~~~~¤¤7 ~777...~
.~~~~~~~~~~77 7......~~
.~~~~~¤~~~.77777~¤~~~.>.
~~~.~~~...77..~.~~~~~~~.
~~~~~~~..777.~~DT~~~~~~.~
~.~~~~~...~...~~@....~.~~
~..~~~.~....7~..~777777..
~...^..777..~77777
~~~..~77~.~.77
~~~..(~.~~.77
....~~~~~~.7 7777....~~~.
7 ~7....~~. 7.777..f~7


You could see Snorg (berserk) and a five-headed hydra.


Message History

You block the spectral weapon's attack.
Unknown command.
You pummel the water moccasin!!
You kill the water moccasin!
Cheibriados appreciates the change of pace.
Unknown command.
You hit Asterion but do no damage. You bite Asterion, but do no damage.
Asterion is moderately wounded.
Asterion completely misses you.
Asterion splashes around in the water.
Unknown command.
You hit Asterion. You bite Asterion! You drain his power.
You feel invigorated.
Asterion is heavily wounded.
You block the spectral weapon's attack.
Asterion splashes around in the water.
Asterion splashes around in the water.
The spectral weapon hits you.
* * * LOW HITPOINT WARNING * * *
A five-headed hydra comes into view.
Unknown command.
Asterion blocks your attack.
Asterion is heavily wounded.
Asterion splashes around in the water.
Unknown command.
Use which ability? (? or * to list)
You can feel time thicken for a moment.
Asterion shares his spectral weapon's damage!
The spectral weapon fades away.
Cheibriados thoroughly appreciates the change of pace.
You feel somewhat less full.
You feel less protected from missiles.
Unknown command.
Asterion blocks your attack.
You bite Asterion, but do no damage.
Asterion is severely wounded.
Asterion conjures a destructive force in the name of Makhleb!
The bolt of negative energy misses you.
Unknown command.
Asterion blocks your attack.
You bite Asterion!! You drain his power.
You feel invigorated.
Asterion is almost dead.
Asterion conjures a destructive force in the name of Makhleb!
The bolt of negative energy hits you!
You feel drained.
* * * LOW HITPOINT WARNING * * *
Unknown command.
Asterion blocks your attack.
You bite Asterion! You drain his power.
You feel invigorated.
Asterion is almost dead.
Asterion completely misses you. You block Asterion's attack.
Unknown command.
Use which ability? (? or * to list)
You can feel time thicken for a moment.
You kill Asterion!
Cheibriados thoroughly appreciates the change of pace.
You hear a splash.
You feel somewhat less full. Snorg misses you. Snorg misses you.
Snorg completely misses you.
Unknown command.
Read which item? (? for menu, Esc to quit)
Okay, then.
Evoke which item? (* to show all) (? for menu, Esc to quit)
Okay, then.
Use which ability? (? or * to list)
Okay, then.
You closely miss Snorg. You bite Snorg!! You drain his power.
You feel invigorated.
Snorg is heavily wounded.
The five-headed hydra completely misses you.
The five-headed hydra bites you but does no damage.
You block the five-headed hydra's attack.
The five-headed hydra misses you.
The five-headed hydra completely misses you.
Snorg bites you!
You die...

Action                   |  1- 3 |  4- 6 |  7- 9 | 10-12 | 13-15 | 16-18 || total
-------------------------+-------+-------+-------+-------+-------+-------++-------
Melee: Unarmed           |    57 |   120 |   268 |   641 |  1082 |    46 ||  2214
       Whip              |       |       |     7 |       |       |       ||     7
Throw: Javelin           |     2 |     5 |     5 |    18 |     4 |       ||    34
       Throwing net      |       |       |       |     1 |       |       ||     1
 Cast: Regeneration      |       |       |       |       |     9 |     3 ||    12
       Repel Missiles    |       |       |       |       |     2 |     2 ||     4
       Stoneskin         |       |       |       |       |     1 |       ||     1
Invok: Slouch            |       |       |       |     2 |     7 |     2 ||    11
       Temporal Distorti |       |       |       |     2 |     5 |     2 ||     9
       Bend Time         |       |       |       |     1 |     2 |       ||     3
 Abil: Evoke Berserk Rag |     2 |     3 |     1 |       |       |       ||     6
       Evoke Invisibilit |       |       |     1 |     2 |     2 |       ||     5
Evoke: Wand              |       |       |       |    35 |     4 |       ||    39
  Use: Scroll            |       |     3 |    16 |    21 |    14 |       ||    54
       Potion            |       |       |       |     5 |     2 |       ||     7
 Stab: Sleeping          |     1 |     2 |       |     8 |     2 |       ||    13
       Invisible         |       |       |     5 |    14 |     9 |       ||    28
       Confused          |       |       |       |       |       |     3 ||     3

Vault maps used:
D:1:      dpeg_arrival_erosion, minmay_gold_behind_plants, interstate_on_off
D:2:      uniq_jessica, uniq_sigmund
D:3:      mumra_celtic_spiral_tile, fedhas_altar_2, first_bread,
          serial_bayou_crossing, uniq_crazy_yiuf_cottage
D:4:      uniq_blork_the_orc
D:5:      uniq_edmund, uniq_duvessa
D:6:      old_standard_altar, grunt_decor_mini_mirrors
D:7:      lemuel_blue_sif_altar, nemelex_xobeh_ov_fountains_minmay,
          lemuel_round_altar, minitemple, minmay_temple_entry_grid, uniq_pikel
D:8:      elyvilon_altar_3
D:9:      serial_shops, nicolae_shop_trees, hangedman_tell_no_tales,
          trog_hazing_becter, uniq_maurice
D:10:     david_lair_shrubbed, enter_bailey_3
D:11:     erik_orc_3, solitary_fountain, spider_trap
D:12:     special_room, serial_glass, glass_columns_a, glass_columns_a,
          glass_columns_a, minmay_stone_trees_small, lightli_corner_chamber
D:14:     erik_vaults_1
D:15:     basic_altar
D:16:     grunt_enter_depths_magical_seal, uniq_roxanne
Temple:   corrupted_temple_6
Orc:1:    mines2_david
Orc:2:    serial_shops, shop
Orc:3:    basic_altar, nicolae_orc_pool_cavern, lightli_church_of_beogh,
          uniq_nessos
Orc:4:    serial_shops, bzr_firewalk, shop, st_orc_town,
          nicolae_orc_flooded_monolith, uniq_saint_roka, uniq_josephine,
          uniq_urug
Lair:1:   serial_bayou_pond_b
Lair:2:   enter_volcano_1, lemuel_strawberry_fields
Lair:4:   minmay_snake_entry_six_corridors, infiniplex_staircase_pool,
          serial_bayou_shore_b, lemuel_fruit_tree, uniq_fannar
Lair:5:   swamp_mist, uniq_erica
Lair:6:   nicolae_slime_entry_wandering_lumps
Lair:7:   st_stairs_8
Lair:8:   due_jungle_book, serial_bayou_shore_b
Swamp:1:  uniq_asterion, uniq_snorg, uniq_frances
Bazaar:   bazaar_jpeg_oval
Bailey:   bailey_polearm_5, bailey
Volcano:  volcano_overflow
Depths:1: minmay_connected_triangles_in_corner, minmay_misc_feat_tiny,
          hell_entry, grunt_megastairs_3
Depths:2: minmay_triangles_in_corner, enter_shallow_ziggurat_c,
          hangedman_abyss_or_decor_jellyfish_corner, hell_entry,
          kennysheep_doodads, grunt_ministairs_8, dpeg oklob_1

Notes
Turn   | Place    | Note
--------------------------------------------------------------
     0 | D:1      | Bloax, the Vine Stalker Monk, began the quest for the Orb.
     0 | D:1      | Reached XP level 1. HP: 11/11 MP: 1/1
    95 | D:1      | HP: 3/16 [giant gecko (4)]
    96 | D:1      | Reached XP level 2. HP: 4/16 MP: 3/3
   148 | D:2      | Reached XP level 3. HP: 18/19 MP: 4/4
   196 | D:2      | Reached skill level 1 in Spellcasting
   366 | D:2      | Noticed Jessica
   370 | D:2      | Noticed Sigmund
   397 | D:2      | Killed Jessica
   397 | D:2      | Reached XP level 4. HP: 15/23 MP: 5/7
   512 | D:3      | Reached skill level 5 in Unarmed Combat
   630 | D:3      | HP: 4/23 [worm (4)]
   708 | D:3      | Found a blossoming altar of Fedhas.
   769 | D:2      | Killed Sigmund
   769 | D:2      | Reached skill level 2 in Spellcasting
   769 | D:2      | Reached XP level 5. HP: 27/27 MP: 7/11
   953 | D:4      | Reached skill level 6 in Unarmed Combat
   953 | D:4      | Gained mutation: You heal very quickly. [vine stalker growth]
   953 | D:4      | Reached XP level 6. HP: 32/32 MP: 10/13
   964 | D:4      | Reached skill level 3 in Spellcasting
  1153 | D:4      | Noticed Blork the orc
  1161 | D:4      | Killed Blork the orc
  1549 | D:5      | Entered Level 5 of the Dungeon
  1698 | D:5      | Noticed Duvessa
  1699 | D:5      | Noticed Dowan
  1705 | D:5      | Killed Duvessa
  1705 | D:5      | Reached skill level 7 in Unarmed Combat
  1705 | D:5      | Reached XP level 7. HP: 35/35 MP: 17/17
  1865 | D:6      | Found a basalt altar of Yredelemnul.
  1913 | D:6      | Got a shimmering chain mail
  1934 | D:6      | Identified the cursed -3 chain mail of Trog's Approval {rElec rN+ Stlth} (You found it on level 6 of the Dungeon)
  1988 | D:6      | Reached skill level 4 in Spellcasting
  2069 | D:6      | Reached skill level 8 in Unarmed Combat
  2084 | D:6      | Gained mutation: You have razor-sharp teeth. [vine stalker growth]
  2084 | D:6      | Reached XP level 8. HP: 35/39 MP: 20/20
  2237 | D:6      | Paralysed by a giant eyeball for 2 turns
  2474 | D:7      | Reached skill level 9 in Unarmed Combat
  2474 | D:7      | Reached skill level 5 in Spellcasting
  2586 | D:7      | Reached skill level 3 in Dodging
  2586 | D:7      | Reached skill level 1 in Evocations
  2605 | D:7      | Found a sparkling altar of Nemelex Xobeh.
  2701 | D:7      | Found a staircase to the Ecumenical Temple.
  2709 | Temple   | Entered the Ecumenical Temple
  2722 | Temple   | Became a worshipper of Cheibriados the Contemplative
  2794 | D:7      | Reached XP level 9. HP: 38/43 MP: 23/23
  2811 | D:7      | Reached skill level 2 in Evocations
  2817 | D:7      | Reached skill level 10 in Unarmed Combat
  2838 | D:7      | rip goodamulet
  2848 | D:7      | Noticed Pikel
  2862 | D:7      | Killed Pikel
  2862 | D:7      | Reached skill level 4 in Dodging
  2862 | D:7      | Reached skill level 3 in Evocations
  2942 | D:7      | Found an ancient bone altar of Kikubaaqudgha.
  2948 | D:7      | Found a shimmering altar of Xom.
  2948 | D:7      | Found a bloodstained altar of Trog.
  2953 | D:7      | Found a glowing golden altar of the Shining One.
  3091 | D:7      | Found a burning altar of Makhleb.
  3257 | D:8      | Found a white marble altar of Elyvilon.
  3413 | D:8      | Reached skill level 5 in Dodging
  3551 | D:8      | Reached skill level 4 in Evocations
  3560 | D:8      | Acquired Cheibriados' first power
  3610 | D:9      | Reached XP level 10. HP: 47/47 MP: 24/24
  3641 | D:9      | Reached skill level 11 in Unarmed Combat
  3700 | D:9      | Reached skill level 6 in Dodging
  3843 | D:9      | Reached skill level 1 in Invocations
  3858 | D:9      | Acquired Cheibriados' second power
  3922 | D:9      | Noticed Maurice
  3941 | D:9      | HP: 10/47 [something (4)]
  3945 | D:9      | Killed Maurice
  3945 | D:9      | Reached skill level 1 in Armour
  4055 | D:9      | Found a bloodstained altar of Trog.
  4118 | D:9      | Reached skill level 2 in Invocations
  4162 | D:10     | Entered Level 10 of the Dungeon
  4183 | D:10     | Found a flagged portal.
  4192 | Bailey   | Entered a bailey
  4266 | Bailey   | Acquired Cheibriados' third power
  4266 | Bailey   | Reached skill level 2 in Armour
  4328 | Bailey   | Noticed an orc knight
  4336 | Bailey   | Reached skill level 3 in Invocations
  4347 | Bailey   | HP: 9/47 [orc knight/orcish trident (4)]
  4350 | Bailey   | Killed an orc knight
  4350 | Bailey   | Reached XP level 11. HP: 10/51 MP: 10/25
  4425 | Bailey   | Noticed an orc knight
  4429 | Bailey   | Noticed an orc knight
  4433 | Bailey   | Noticed an orc knight
  4441 | Bailey   | HP: 9/51 [orc knight/orcish halberd (6)]
  4448 | Bailey   | Killed an orc knight
  4448 | Bailey   | Reached skill level 3 in Armour
  4448 | Bailey   | Reached skill level 7 in Dodging
  4473 | Bailey   | Reached skill level 4 in Invocations
  4487 | Bailey   | Killed an orc knight
  4513 | Bailey   | Killed an orc knight
  4513 | Bailey   | Reached skill level 12 in Unarmed Combat
  4674 | D:10     | Paralysed by a giant eyeball for 3 turns
  4864 | D:10     | Found a staircase to the Lair.
  4979 | D:11     | Reached skill level 4 in Armour
  5000 | D:11     | Reached skill level 5 in Invocations
  5022 | D:11     | Learned a level 4 spell: Control Teleport
  5110 | D:11     | Found a staircase to the Orcish Mines.
  5189 | Orc:1    | Entered Level 1 of the Orcish Mines
  5207 | Orc:1    | HP: 11/51 [orc/orcish flail (3)]
  5284 | D:12     | Learned a level 5 spell: Phase Shift
  5366 | D:12     | Reached skill level 8 in Dodging
  5529 | Lair:1   | Entered Level 1 of the Lair of Beasts
  5684 | Lair:1   | Reached skill level 6 in Invocations
  5694 | Lair:1   | Gained mutation: You regenerate. [vine stalker growth]
  5694 | Lair:1   | Reached XP level 12. HP: 29/56 MP: 18/26
  5800 | Lair:2   | Noticed a five-headed hydra
  5807 | Lair:2   | Killed a five-headed hydra
  5974 | Lair:2   | Noticed a seven-headed hydra
  5984 | Lair:2   | Killed a seven-headed hydra
  5984 | Lair:2   | Reached skill level 7 in Invocations
  6052 | Lair:2   | Reached skill level 13 in Unarmed Combat
  6064 | Lair:2   | Reached skill level 9 in Dodging
  6126 | Lair:2   | Found a dark tunnel.
  6146 | Volcano  | Entered a volcano
  6574 | Lair:5   | Noticed Erica
  6582 | Lair:5   | Killed Erica
  6631 | Lair:5   | Found a staircase to the Swamp.
  6673 | Lair:5   | Noticed a seven-headed hydra
  6683 | Lair:5   | Killed a seven-headed hydra
  6683 | Lair:5   | Reached skill level 8 in Invocations
  7012 | Lair:7   | Reached skill level 1 in Shields
  7073 | Lair:7   | Reached XP level 13. HP: 26/59 MP: 27/27
  7078 | Lair:7   | Identified a scroll of acquirement
  7157 | Lair:7   | Noticed an eight-headed hydra
  7181 | Lair:7   | Killed an eight-headed hydra
  7181 | Lair:7   | Reached skill level 5 in Armour
  7181 | Lair:7   | Reached skill level 2 in Shields
  7224 | Lair:8   | Entered Level 8 of the Lair of Beasts
  7324 | Lair:7   | Reached skill level 10 in Dodging
  7331 | Lair:7   | HP: 12/59 [death yak (5)]
  7335 | Lair:7   | Reached skill level 3 in Shields
  7336 | Lair:7   | HP: 10/59 [crocodile (1)]
  7341 | Lair:7   | HP: 11/59 [crocodile (2)]
  7442 | Lair:8   | Reached skill level 14 in Unarmed Combat
  7535 | Lair:8   | mmm
  7790 | Lair:8   | Noticed a dire elephant
  7790 | Lair:8   | Noticed a dire elephant
  7806 | Lair:8   | Killed a dire elephant
  7818 | Lair:8   | Killed a dire elephant
  7818 | Lair:8   | Reached skill level 6 in Armour
  7818 | Lair:8   | Reached skill level 4 in Shields
  7856 | Lair:8   | Noticed a dire elephant
  7865 | Lair:8   | Killed a dire elephant
  7872 | Lair:8   | Noticed a dire elephant
  7883 | Lair:8   | Killed a dire elephant
  7910 | Lair:8   | Noticed a dire elephant
  7921 | Lair:8   | Killed a dire elephant
  7932 | Lair:8   | Noticed a dire elephant
  7942 | Lair:8   | Killed a dire elephant
  8121 | Lair:6   | Found a staircase to the Slime Pits.
  8181 | Lair:6   | Learned a level 2 spell: Repel Missiles
  8185 | Lair:6   | Learned a level 3 spell: Flight
  8258 | Lair:4   | Reached skill level 3 in Fighting
  8581 | Orc:1    | Found a roughly hewn altar of Beogh.
  8764 | Orc:2    | Found Kluumucu's Book Emporium.
  8860 | Orc:2    | Reached XP level 14. HP: 47/65 MP: 25/28
  9286 | Orc:3    | Found an ancient bone altar of Kikubaaqudgha.
  9396 | Orc:4    | Entered Level 4 of the Orcish Mines
  9406 | Orc:4    | Noticed Urug
  9411 | Orc:4    | Killed Urug
  9490 | Orc:3    | Noticed Nessos
  9496 | Orc:3    | Killed Nessos
  9594 | Orc:4    | Found Yraef's Magical Wand Emporium.
  9627 | Orc:4    | Found a staircase to the Elven Halls.
  9633 | Orc:4    | Noticed Saint Roka
  9655 | Orc:4    | Killed Saint Roka
  9655 | Orc:4    | Reached skill level 4 in Fighting
  9655 | Orc:4    | Reached skill level 7 in Armour
  9655 | Orc:4    | Reached skill level 15 in Unarmed Combat
  9656 | Orc:4    | Reached skill level 11 in Dodging
  9656 | Orc:4    | HP: 14/66 [orc warrior/orcish short sword[Saint Roka] (10)]
  9673 | Orc:4    | jesus christ
  9683 | Orc:4    | Found a flickering gateway to a bazaar.
  9701 | Bazaar   | Entered a bazaar
  9701 | Bazaar   | Found Strokhlu's Weapon Emporium.
  9701 | Bazaar   | Found Smuylergh's Magic Scroll Emporium.
  9702 | Bazaar   | Found Thirch's Weapon Shoppe.
  9702 | Bazaar   | Found Mahatt's Weapon Shoppe.
  9725 | Bazaar   | Bought a scroll of magic mapping for 28 gold pieces
  9725 | Bazaar   | Bought a scroll of magic mapping for 28 gold pieces
  9725 | Bazaar   | Bought a scroll of fog for 16 gold pieces
  9725 | Bazaar   | Bought a scroll of vulnerability for 60 gold pieces
  9742 | Bazaar   | Bought a scroll of remove curse for 24 gold pieces
  9847 | Orc:4    | Found Vyacijicw's Jewellery Shop.
  9863 | Orc:4    | Found Vapsean's Antique Weapon Shoppe.
  9899 | Orc:4    | Found a roughly hewn altar of Beogh.
  9922 | Orc:4    | Found Xytus' Book Shoppe.
  9924 | Orc:4    | Found Ejygaergh's Book Shop.
  9955 | Orc:4    | Bought a book of the Earth for 650 gold pieces
  9955 | Orc:4    | Bought a book of Geomancy for 350 gold pieces
  9955 | Orc:4    | Bought a book of Battle for 400 gold pieces
  9973 | Orc:4    | Learned a level 3 spell: Regeneration
  9976 | Orc:4    | Learned a level 2 spell: Stoneskin
 10107 | Orc:4    | Reached skill level 5 in Fighting
 10194 | Orc:4    | Noticed Josephine
 10200 | Orc:4    | Killed Josephine
 10373 | Orc:3    | Reached skill level 1 in Earth Magic
 10425 | Orc:3    | Found a roughly hewn altar of Beogh.
 10591 | Orc:4    | Bought a book of Party Tricks for 500 gold pieces
 10595 | Orc:4    | Learned a level 2 spell: Blink
 10597 | Orc:4    | Learned a level 1 spell: Apportation
 10600 | Orc:4    | Learned a level 1 spell: Summon Butterflies
 10792 | D:11     | Reached skill level 1 in Charms
 10792 | D:11     | Reached skill level 1 in Necromancy
 11103 | D:13     | jpg
 11103 | D:13     | scared.jpg
 11103 | D:13     | Reached skill level 16 in Unarmed Combat
 11103 | D:13     | Reached skill level 2 in Earth Magic
 11105 | D:13     | the bees got what they deserved
 11105 | D:13     | damn bastards
 11105 | D:13     | Upgraded the game from 0.14-a0-2162-g062a2ce to 0.14-a0-2443-g5aee772
 11330 | D:13     | Reached skill level 2 in Necromancy
 11498 | D:14     | Reached skill level 2 in Charms
 11537 | D:14     | Found a gate to the Vaults.
 11633 | D:14     | Reached XP level 15. HP: 58/72 MP: 29/29
 11853 | D:14     | Reached skill level 3 in Earth Magic
 11861 | D:15     | Entered Level 15 of the Dungeon
 11869 | D:15     | Found a blossoming altar of Fedhas.
 11958 | D:15     | Reached skill level 3 in Charms
 11958 | D:15     | Reached skill level 3 in Necromancy
 12199 | D:16     | Entered Level 16 of the Dungeon
 12260 | D:16     | Noticed Roxanne
 12377 | D:16     | Reached skill level 4 in Earth Magic
 12437 | D:16     | Reached skill level 4 in Necromancy
 12466 | D:16     | Reached skill level 4 in Charms
 12616 | D:16     | Found a staircase to the Depths.
 12636 | Depths:1 | Entered Level 1 of the Depths
 12644 | Depths:1 | Noticed a frost giant
 12659 | Depths:1 | Killed a frost giant
 12659 | Depths:1 | Reached skill level 1 in Transmutations
 12753 | Depths:1 | Reached skill level 2 in Transmutations
 12758 | Depths:1 | Reached skill level 5 in Earth Magic
 12884 | Depths:1 | Reached skill level 17 in Unarmed Combat
 12885 | Depths:1 | Reached skill level 12 in Dodging
 12969 | Depths:1 | Reached skill level 3 in Transmutations
 12978 | Depths:1 | Noticed a fire giant
 12989 | Depths:1 | Killed a fire giant
 13137 | Depths:1 | HP: 15/72 [yaktaur captain/uncursed battleaxe of freezing (6)]
 13138 | Depths:1 | HP: 5/72 [yaktaur captain/uncursed battleaxe of freezing (10)]
 13154 | Depths:1 | Reached skill level 6 in Earth Magic
 13550 | Swamp:1  | Entered Level 1 of the Swamp
 13560 | Swamp:1  | Reached skill level 4 in Transmutations
 13560 | Swamp:1  | Reached XP level 16. HP: 66/76 MP: 29/29
 13603 | Swamp:1  | Noticed Frances
 13616 | Swamp:1  | Killed Frances
 13628 | Swamp:1  | Noticed Asterion
 13704 | Swamp:1  | Noticed Snorg
 13705 | Swamp:1  | HP: 16/76 [Asterion/demon trident of pain (4)]
 13713 | Swamp:1  | HP: 2/76 [Asterion/bolt of negative energy (16)]
 13715 | Swamp:1  | Killed Asterion
 13716 | Swamp:1  | Slain by Snorg

Vanquished Creatures
  Saint Roka (Orc:4)
  Asterion (Swamp:1)
  Frances (Swamp:1)
  A frost giant (Depths:1)
  A stone giant (Depths:1)
  6 dire elephants (Lair:8)
  A yaktaur captain (Depths:1)
  A great orb of eyes (Depths:1)
  7 hydras
  Josephine (Orc:4)
  An alligator (Swamp:1)
  Nessos (Orc:3)
  2 dancing weapons (D:14)
  An anaconda (Lair:8)
  Erica (Lair:5)
  3 ogre magi
  A tengu warrior (Depths:1)
  5 death yaks
  A very ugly thing (Depths:2)
  8 orc high priests (Orc:4)
  Urug (Orc:4)
  3 centaur warriors
  2 iron trolls (Depths:1)
  A spectral weapon (Swamp:1)
  2 hill giants (Depths:1)
  A deep elf conjurer (D:16)
  Pikel (D:7)
  7 orc knights
  5 cyclopes
  2 griffons
  3 orc sorcerers
  4 elephants (Lair:8)
  A wizard (D:16)
  Maurice (D:9)
  5 spiny frogs
  A feature mimic (D:14)
  3 yaktaurs (Depths:1)
  2 centaur zombies
  2 black mambas (Lair:7)
  An elf (shapeshifter) (D:16)
  2 fire drakes
  A tengu conjurer (Depths:1)
  7 trolls
  A yaktaur skeleton (D:16)
  2 komodo dragons
  A polar bear (shapeshifter) (Depths:1)
  7 two-headed ogres
  5 ravens (Depths:1)
  A queen bee (D:13)
  A brown ooze (shapeshifter) (Depths:1)
  9 slime creatures
  A bog body (Swamp:1)
  30 yaks
  A wandering mushroom (Lair:7)
  A tarantella (shapeshifter) (D:14)
  3 basilisks
  A hill giant zombie (D:8)
  A trapdoor spider (D:9)
  2 wyverns
  2 elf zombies
  2 elephant slugs
  25 ugly things
  10 vampire mosquitoes
  3 hungry ghosts
  An elf skeleton (D:16)
  7 hippogriffs
  11 wolves
  A manticore (D:9)
  2 swamp drakes (Swamp:1)
  3 sky beasts
  A soldier ant (D:11)
  A freezing wraith (D:12)
  A mottled dragon (D:16)
  4 porcupines
  2 swamp worms (Swamp:1)
  A phantom (D:13)
  4 ice beasts
  18 ogres
  2 black bears (D:7)
  An ice dragon simulacrum (D:15)
  33 orc warriors
  A big kobold (D:11)
  11 centaurs
  9 wargs
  Sigmund (D:2)
  Duvessa (D:5)
  5 crocodiles
  4 giant slugs
  A gnoll sergeant (D:9)
  Blork the orc (D:4)
  A brain worm (D:15)
  A cyclops zombie (D:10)
  2 agate snails
  A yaktaur zombie (D:14)
  14 giant frogs
  7 water moccasins
  4 insubstantial wisps (Swamp:1)
  2 jellyfish (Lair:4)
  A cyclops skeleton (D:11)
  An eye of draining (D:9)
  A yak skeleton (D:12)
  37 killer bees
  9 wights
  A pulsating lump (Lair:6)
  A troll skeleton (D:12)
  4 goliath beetles
  6 crimson imps
  2 jellies
  36 orc priests
  A big fish (Lair:4)
  10 hounds
  2 scorpions
  6 worker ants
  4 centaur skeletons
  A warg skeleton (Orc:4)
  A giant frog skeleton (D:6)
  A quasit (D:10)
  3 iguanas
  21 orc wizards
  14 sheep
  A mottled dragon zombie (D:13)
  A sky beast zombie (D:9)
  Jessica (D:2)
  An ogre zombie (Orc:4)
  6 boggarts
  A mottled dragon skeleton (D:11)
  A hound skeleton (D:6)
  25 gnolls
  16 green rats
  19 adders
  4 giant centipedes
  An orc zombie (Orc:4)
  A shadow imp (D:9)
  A giant mite (Lair:5)
  An inept feature mimic (D:4)
  3 worms
  2 giant eyeballs
  11 giant geckos
  An ooze (D:7)
  180 orcs
  18 bats
  A bat skeleton (D:4)
  A bat zombie (D:6)
  13 goblins
  12 hobgoblins
  15 jackals
  12 kobolds
  8 quokkas
  A ball python (D:4)
  4 giant cockroaches
  A giant newt (D:3)
  A giant spore (D:8)
  A goblin simulacrum (Orc:4)
  A hobgoblin zombie (Orc:4)
  2 orc skeletons
  A quokka zombie (D:9)
  12 rats
  A ballistomycete (D:8)
  2 butterflies (D:8)
  5 plants
923 creatures vanquished.

Vanquished Creatures (others)
  A fire giant (Depths:1)
  A troll skeleton (D:7)
  2 orc priests (Orc:4)
  3 orcs (Orc:4)
  A giant gecko zombie (D:7)
  A rat (D:7)
  8 fungi (Lair:8)
  A plant (D:10)
18 creatures vanquished.

Grand Total: 941 creatures vanquished
